 Dungeon Crawl Stone Soup version 0.31-a0-177-g4aa6249778 (webtiles) character file.

Game seed: 10582841805037281224

36 qw the Chopper (level 3, -5/23 HPs)
             Began as a Gargoyle Fighter on June 18, 2023.
             Killed by nerve-wracking pain
             ... invoked by an orc priest
              (7 damage)
             ... on level 2 of the Dungeon.
             The game lasted 00:00:31 (883 turns).

qw the Chopper (Gargoyle Fighter)                    Turns: 883, Time: 00:00:31

Health: -5/23      AC: 10    Str: 21    XL:     3   Next: 37%
Magic:  3/3        EV:  9    Int:  8    God:
Gold:   48         SH:  4    Dex:  9    Spells: 2/2 levels left

rFire   . . .        Y - +0 war axe
rCold   . . .        c - +0 buckler
rNeg    + . .        b - +0 scale mail
rPois   inf          (no helmet)
rElec   +            (no cloak)
rCorr   .            (no gloves)
SInv    .            (no boots)
Will    .....        (no amulet) Stlth
                     (no ring)
HPRegen 0.23/turn    (no ring)
MPRegen 0.08/turn

%: no passive effects
@: no status effects
A: sickness immunity, AC +3, negative energy resistance 1, electricity
resistance, torment resistance 1, petrification resistance
a: no special abilities


You were on level 2 of the Dungeon.
You visited 1 branch of the dungeon, and saw 2 of its levels.

You collected 48 gold pieces.


Innate Abilities, Weirdness & Mutations

You are immune to sickness and miasma.
Your stone body is resilient. (AC +3)
You are immune to poison.
You resist negative energy. (rN+)
You are resistant to electric shocks. (rElec)
You are resistant to unholy torment.
You are immune to petrification.


   Skills:
 - Level 3.2 Fighting
 + Level 3.3 Axes
 - Level 3.2 Armour
 - Level 3.2 Shields


You had 2 spell levels left.
You didn't know any spells.
Your spell library was empty.

Inventory:

Hand Weapons
 a - a +0 mace
 Y - a +0 war axe (weapon)
Missiles
 e - 4 boomerangs (quivered)
Armour
 b - a +0 scale mail (worn)
 c - a +0 buckler (worn)
Scrolls
 g - a scroll of revelation {unknown}
Potions
 d - a potion of might
 h - a potion of berserk rage {unknown}

Dungeon Overview and Level Annotations

Branches:
Dungeon (2/15)

Altars:


Message History

You hit the orc but do no damage. The orc closely misses you.
You hit the orc.
The orc is lightly wounded.
The orc hits you but does no damage. You block the orc's attack.
You hit the orc.
The orc is heavily wounded.
The orc barely misses you.
You slash the orc!
You kill the orc!
You start resting.
HP restored.
You see here a +0 trident.
An orc and an orc priest come into view.
The orc shouts!
The orc priest shouts!
The orc priest casts a cantrip, but nothing happens.
An orc comes into view. It is wielding a +0 mace.
The orc shouts!
The orc priest mumbles some strange prayers to Beogh against you.
You are unaffected.
A bat and a dart slug come into view.
You block the orc's attack.
Enter note: You barely miss the orc.
You slash the orc!
You kill the orc!
The orc hits you with a +0 mace. You block the orc's attack.
The orc priest hits you but does no damage.
You completely miss the orc priest. You closely miss the orc.
The orc hits you but does no damage.
The orc priest hits you with a +0 hand axe.
You barely miss the orc priest. You barely miss the orc.
The orc priest mumbles some strange prayers to Beogh against you.
Beogh smites you!
Ouch! That really hurt!
You block the orc's attack.
You hit the orc priest but do no damage.
You hit the orc.
The orc priest mumbles some strange prayers to Beogh against you.
Pain shoots through your body!
You die...

.#####+#### ..........#
#.# ..........#
#.######. ......)...#
#........
.#####.#####............
.............# #........
.######.###### #b.......
...####.## #oo.w....
....)....# #@#
...>.....# #.#
..##.....# #.#
.###.....# #.# .#
#.....#######)# ##
#.....#.......#
########.#.#######
..................
########.#...#####


You could see an orc priest, a dart slug, an orc and a bat.

Vanquished Creatures
  2 orcs (D:2)
  5 bats (D:1)
  3 endoplasms
  A giant cockroach (D:1)
  A goblin (D:1)
  2 hobgoblins (D:1)
  7 jackals
  A ball python (D:1)
  6 kobolds (D:1)
  4 rats (D:1)
32 creatures vanquished.

Notes
Turn   | Place    | Note
-------+----------+-------------------------------------------
     0 | D:1      | qw the Gargoyle Fighter began the quest for the Orb.
     0 | D:1      | Reached XP level 1. HP: 14/14 MP: 1/1
     0 | D:1      | 0 ||| qw: Version: 0.3-a-5-g6f28e65
     0 | D:1      | 0 ||| qw: Game counter: 665
     0 | D:1      | 0 ||| qw: Always use a shield: true
     0 | D:1      | 0 ||| qw: God list: Okawaru
     0 | D:1      | 0 ||| qw: Allow faded altars: false
     0 | D:1      | 0 ||| qw: Do Orc after D:15 true
     0 | D:1      | 0 ||| qw: Do second Lair branch before Depths: true
     0 | D:1      | 0 ||| qw: Lair rune preference: random
     0 | D:1      | 0 ||| qw: Plans: Normal, Zot:1-4, Slime:5, God:TSO, Crypt,
                  | Tomb, Abyss, Pan, Hells, Win
     0 | D:1      | 0 ||| PLANNING D:1-11
   158 | D:1      | 158 ||| Stepping ~*~*~tactically~*~*~ (stealth).
   172 | D:1      | Reached XP level 2. HP: 16/19 MP: 2/2
   384 | D:1      | Reached skill level 3 in Axes
   541 | D:1      | Reached XP level 3. HP: 23/23 MP: 3/3
   693 | D:1      | 693 ||| Stepping ~*~*~tactically~*~*~ (stealth).
   695 | D:1      | 695 ||| Stepping ~*~*~tactically~*~*~ (stealth).
   736 | D:1      | 736 ||| READING scroll labelled PUUHOAK MUMAD.
   737 | D:1      | 737 ||| READING scroll labelled QOUSAO GANUI.
   771 | D:2      | Identified the +9 sling of Scorn {heavy, Int+4}
   838 | D:2      | 838 ||| DROPPING +0 club.
   859 | D:2      | 859 ||| Stepping ~*~*~tactically~*~*~ (hiding).
   882 | D:2      | HP: 2/23 [orc priest/divine providence (13)]
   883 | D:2      | Killed from afar by an orc priest

Levels and vault maps discovered:
D:1:      minmay_arrival_cross, layout_loops_ring
D:2:      layout_basic, minmay_hexomino_r4

Skill      XL: |  1  2 |
---------------+-------+-----
Axes           | 2 3 |  3.3
Fighting       | |  3.2
Armour         | |  3.2
Shields        | |  3.2

Action                     || total
---------------------------++-------
  Melee: War axe           ||   105
  Throw: Boomerang         ||    28
    Use: Scroll            ||     2
 Armour: Scale mail        ||    65
  Dodge: Dodged            ||    52
  Block: Buckler           ||    28

Table legend:
 A = Non-vault XP
 B = Vault XP
 C = Vault XP percentage of total XP
 D = Non-vault monster count
 E = Vault monster count
 F = Vault count percentage of total count
                 A         B        C        D         E       F
            +---------+---------+-------+---------+---------+-------
      Total |      52 |       0 |   0.0 |      32 |       0 |   0.0
            +---------+---------+-------+---------+---------+-------
        D:1 |      38 |       0 |   0.0 |      26 |       0 |   0.0
        D:2 |      14 |       0 |   0.0 |       6 |       0 |   0.0
            +---------+---------+-------+---------+---------+-------
